 Dungeon Crawl Stone Soup version 0.29-a0-11-ga75d3d97ab (webtiles) character file.

Game seed: 9568299975349879141

10695 issech the Basher (level 11, 0/99 HPs)
             Began as a Troll Monk on Jan 28, 2022.
             Was an Elder of Hepliaklqana.
             Slain by Rupert (3 damage)
             ... on level 2 of the Orcish Mines.
             The game lasted 00:52:09 (9392 turns).

issech the Basher (Troll Monk)                      Turns: 9392, Time: 00:52:10

Health: 0/99       AC: 11    Str: 21    XL:     11   Next: 39%
Magic:  10/10      EV: 13    Int:  6    God:    Hepliaklqana [****..]
Gold:   639        SH:  0    Dex: 16    Spells: 10/10 levels left

rFire   . . .      SeeInvis .   A - +1 giant spiked club
rCold   . . .      Faith    .   (shield currently unavailable)
rNeg    . . .      Spirit   .   W - +3 steam dragon scales
rPois   .          Reflect  .   (helmet restricted)
rElec   .          Harm     .   h - +0 cloak
rCorr   .          Rampage  .   (gloves unavailable)
Will    .....                   (boots unavailable)
Stlth   ++........              p - amulet of the acrobat
HPRegen 1.06/turn               (no ring)
MPRegen 0.12/turn               (no ring)

@: no status effects
A: reduced essence, large, unfitting armour, claws 3, regeneration 1, shaggy fur
1, tough skin 1
a: Renounce Religion, Recall Ancestor, Ancestor Identity, Transference, Idealise


You were on level 2 of the Orcish Mines.
You worshipped Hepliaklqana.
Hepliaklqana was greatly pleased with you.
You visited 3 branches of the dungeon, and saw 13 of its levels.

You collected 661 gold pieces.
You spent 22 gold pieces at shops.

Inventory:

Hand Weapons
 q - a +3 great sword
 u - a +3 mace
 A - a +1 giant spiked club (weapon)
 H - a +4 falchion
 M - the +3 dagger of Makhleb's Castigation {protect, rF+ Str+4 SInv}
   (You took it off a hobgoblin on level 10 of the Dungeon)

   It grants its wielder temporary protection when it strikes (+7 to AC).
   Str:       It affects your strength (+4).
   rF:        It protects you from fire.
   SInv:      It lets you see invisible.
 P - a +2 whip of venom
 Q - a +3 war axe of freezing
 R - a +3 flail
 U - a +2 battleaxe
 Z - a +5 spear
Missiles
 d - 64 arrows
 f - 54 bolts
 j - 150 stones
 v - 21 poisoned darts
 y - 11 boomerangs
 z - 23 sling bullets
 C - 2 throwing nets
 E - 3 javelins
 T - 2 large rocks (quivered)
Armour
 h - a +0 cloak (worn)
 K - a +1 robe of positive energy
 W - +3 steam dragon scales (worn)
Magical Staves
 w - a staff of poison
 S - a staff of death
Jewellery
 p - an amulet of the acrobat (around neck)
 r - a ring of ice
Wands
 a - a wand of mindburst (14)
 I - a wand of flame (2)
 L - a wand of charming (4)
Scrolls
 b - a scroll of holy word
 e - 4 scrolls of fog
 i - 5 scrolls of magic mapping
 k - a scroll of enchant weapon
 t - a scroll of noise
 x - a scroll of fear
 X - a scroll of blinking
 Y - a scroll of silence
Potions
 c - 6 potions of might
 g - 2 potions of flight
 l - 3 potions of magic
 m - a potion of berserk rage {unknown}
 n - 2 potions of cancellation
 o - 2 potions of curing
 B - a potion of heal wounds


   Skills:
 + Level 7.6 Fighting
 + Level 12.2 Maces & Flails
 + Level 7.2 Dodging
 + Level 3.0 Stealth


You had 10 spell levels left.
You didn't know any spells.
Your spell library contained the following spells:

 Spells                   Type           Power      Damage    Failure   Level
 Sublimation of Blood     Necr           0%         N/A       58%         2
 Frozen Ramparts          Ice            0%         1d2       83%         3
 Ignite Poison            Fire/Tmut/Pois 0%         N/A       83%         3
 Mephitic Cloud           Conj/Pois/Air  0%         N/A       83%         3
 Ice Form                 Ice/Tmut       0%         N/A       99%         4
 Petrify                  Tmut/Erth      0%         N/A       99%         4
 Summon Ice Beast         Ice/Summ       0%         N/A       99%         4
 Freezing Cloud           Conj/Ice/Air   0%         6-21      100%        5
 Irradiate                Conj/Tmut      0%         3d13      100%        5


Dungeon Overview and Level Annotations

Branches:
Dungeon (10/15)            Temple (1/1) D:4            Lair (0/6) D:8
    Orc (2/2) D:10            Elf (0/3) Orc:2

Altars:
Ashenzari
Cheibriados
Dithmenos
Elyvilon
Fedhas
Gozag
Hepliaklqana
Kikubaaqudgha
Makhleb
Nemelex Xobeh
Okawaru
Qazlal
Ru
Sif Muna
Trog
Uskayaw
Vehumet
Wu Jian
Xom
Yredelemnul
Zin
The Shining One

Shops:
D:5 *=!*=

Portals:
Gauntlet: Orc:2

Annotations:
Orc:2 Rupert


Innate Abilities, Weirdness & Mutations

Your life essence is reduced to manifest your ancestor. (-10% HP)
You are too large for most types of armour.
You have claws for hands.
Your natural rate of healing is unusually fast.
You are covered in fur. (AC +1)
You have tough skin. (AC +1)


Message History

You throw a large rock. The large rock hits Rupert.
Rupert is lightly wounded.
Ankhesenamen casts a spell at Rupert.
The puff of frost misses Rupert.
Throw: 4 large rocks
Press: ? - help, Q - select action, (/) - cycle Shift-Dir - straight line, f/p - Rupert
Aim: Rupert, wielding a +4 executioner's axe of distortion and wearing a +0 ring mail (lightly wounded, unusually resistant, ally target, 66% to hit)
You throw a large rock. The large rock hits Rupert!
Rupert is lightly wounded.
Ankhesenamen points at Rupert and mumbles some strange words.
The puff of frost hits Rupert.
Rupert resists.
Throw: 3 large rocks
Press: ? - help, Q - select action, (/) - cycle Shift-Dir - straight line, f/p - Rupert
Aim: Rupert, wielding a +4 executioner's axe of distortion and wearing a +0 ring mail (lightly wounded, unusually resistant, ally target, 66% to hit)
You throw a large rock. The large rock hits Rupert!
Rupert is moderately wounded.
Ankhesenamen hits Rupert with a +0 quarterstaff!!
Rupert closely misses you.
Rupert barely misses Ankhesenamen.
Ankhesenamen closely misses Rupert.
You barely miss Rupert.
Rupert is heavily wounded.
Rupert roars madly and goes into a rage!
Rupert goes berserk!
Ankhesenamen hits Rupert with a +0 quarterstaff!
You closely miss Rupert.
Rupert is heavily wounded.
Rupert hits you with a +4 executioner's axe of distortion!!!
Space warps around you.
Rupert hits Ankhesenamen with a +4 executioner's axe of distortion!!
Ankhesenamen is destroyed!
Rupert hits you with a +4 executioner's axe of distortion.
Space warps horribly around you!
You barely miss Rupert.
Rupert is heavily wounded.
Rupert hits you with a +4 executioner's axe of distortion!!
* * * LOW HITPOINT WARNING * * *
Rupert hits you with a +4 executioner's axe of distortion!
* * * LOW HITPOINT WARNING * * *
Space warps around you.
You die...

.....$.## ........##
.........## #
##.#.......## .##
#...#.#....$## ..## .
##........$..##...#..
#....................
#.........).........
...#......)...@.......
#..##.#........@...#..
#...............(..#
##.##........$#...>...
###)))...#....(...
#))(..........(.
#<.).....$###.##
##)$#.....## ##
#))).#...##


You could see Rupert (berserk, resistant).

Vanquished Creatures
  Harold (D:8)
  Erica (D:10)
  An orc sorcerer (Orc:1)
  A cyclops (D:9)
  Prince Ribbit (D:9)
  Grinder (D:5)
  A wraith (D:10)
  3 vampire mosquitoes
  5 wargs
  4 orc warriors
  An ice beast (D:8)
  A necrophage (D:7)
  4 ogres
  5 scorpions
  2 killer bees
  7 wights
  2 electric eels (D:9)
  3 centaur zombies
  4 hounds
  7 orc priests
  2 jellies (D:6)
  3 iguanas
  6 orc wizards
  2 hound skeletons (D:4)
  10 gnolls
  6 adders
  An adder skeleton (D:4)
  2 worms
  3 dart slugs
  17 orcs
  6 bats
  7 endoplasms
  3 giant cockroaches
  6 goblins
  10 hobgoblins
  6 jackals
  6 kobolds
  4 quokkas
  8 ball pythons
  6 frilled lizards
  7 rats
176 creatures vanquished.

Vanquished Creatures (collateral kills)
  A hydra (D:8)
  A wraith (D:10)
  2 steam dragons
  A vampire mosquito (D:8)
  4 wargs
  8 orc warriors
  A sky beast (D:6)
  4 ogres
  2 gnoll sergeants (D:9)
  A kobold brigand (D:7)
  3 bullfrogs
  3 scorpions
  A wyvern skeleton (D:5)
  7 killer bees
  7 wights
  An electric eel (D:9)
  A centaur zombie (D:6)
  A bullfrog zombie (D:6)
  A hound (D:6)
  A jelly (D:7)
  7 orc priests
  A centaur skeleton (D:7)
  6 orc wizards
  A scorpion zombie (D:5)
  6 gnolls (D:9)
  2 adders
  A shadow imp (D:8)
  23 orcs
  An endoplasm (D:4)
  A goblin (D:10)
  A hobgoblin (D:10)
  5 bats (D:9)
  4 kobolds (D:7)
110 creatures vanquished.

Vanquished Creatures (others)
  10 battlemagi
  A fungus (D:9)
  11 plants (D:9)
22 creatures vanquished.

Grand Total: 308 creatures vanquished

Notes
Turn   | Place    | Note
-------+----------+-------------------------------------------
     0 | D:1      | issech the Troll Monk began the quest for the Orb.
     0 | D:1      | Reached XP level 1. HP: 22/22 MP: 0/0
   139 | D:1      | Reached XP level 2. HP: 29/29 MP: 1/1
   255 | D:1      | Found a faded altar of an unknown god.
   274 | D:1      | Reached skill level 3 in Maces & Flails
   668 | D:2      | Reached XP level 3. HP: 36/36 MP: 2/2
  1745 | D:3      | Reached XP level 4. HP: 44/44 MP: 3/3
  2478 | D:3      | Reached skill level 4 in Maces & Flails
  2478 | D:3      | Reached XP level 5. HP: 18/53 MP: 4/4
  2559 | D:4      | Noticed an ogre
  2661 | D:3      | Killed an ogre
  2698 | D:4      | Reached XP level 6. HP: 61/61 MP: 5/5
  2906 | D:4      | Reached skill level 5 in Maces & Flails
  3003 | D:4      | Found a staircase to the Ecumenical Temple.
  3017 | Temple   | Entered the Ecumenical Temple
  3145 | Temple   | Became a worshipper of Hepliaklqana the Forgotten
  3145 | Temple   | Reached * piety under Hepliaklqana
  3145 | Temple   | Reached ** piety under Hepliaklqana
  3146 | Temple   | Remembered your ancestor Ankhesenamen as a battlemage
  3296 | D:4      | Reached XP level 7. HP: 39/61 MP: 6/6
  3629 | D:5      | Entered Level 5 of the Dungeon
  3638 | D:5      | Found Anergh's Jewellery Shop.
  3716 | D:5      | Reached skill level 6 in Maces & Flails
  3732 | D:5      | Found Aqoagara's General Store.
  3823 | D:5      | Found Simovuyx's Distillery.
  3910 | D:5      | Noticed Grinder
  3922 | D:5      | Killed Grinder
  3923 | D:5      | Reached XP level 8. HP: 60/71 MP: 7/7
  3976 | D:5      | Found Satanu's General Store.
  4002 | D:5      | Bought a scroll of identify for 22 gold pieces
  4011 | D:5      | Found Doyloem's Jewellery Shop.
  4341 | D:6      | Reached skill level 7 in Maces & Flails
  4349 | D:6      | Reached *** piety under Hepliaklqana
  4447 | D:6      | Identified the +1 scale mail of Nouby {Contam rElec Regen+
                  | SInv}
  4804 | D:6      | Reached skill level 5 in Fighting
  4806 | D:6      | Reached skill level 8 in Maces & Flails
  4922 | D:7      | Reached XP level 9. HP: 61/79 MP: 8/8
  5089 | D:7      | Reached skill level 5 in Dodging
  5573 | D:8      | Reached skill level 9 in Maces & Flails
  5614 | D:8      | Found an ancient bone altar of Kikubaaqudgha.
  5888 | D:8      | Found a staircase to the Lair.
  6160 | D:7      | Reached skill level 10 in Maces & Flails
  6170 | D:8      | Reached XP level 10. HP: 25/88 MP: 9/9
  6404 | D:8      | Noticed Harold
  6417 | D:8      | Killed Harold
  6556 | D:8      | Found a bloodstained altar of Trog.
  6570 | D:8      | Found a radiant altar of Vehumet.
  6575 | D:8      | Found a snail-covered altar of Cheibriados.
  6647 | D:9      | Reached **** piety under Hepliaklqana
  6660 | D:9      | Noticed Prince Ribbit
  6671 | D:9      | Killed Prince Ribbit
  6947 | D:9      | Noticed a four-headed hydra
  7025 | D:8      | Killed a four-headed hydra
  7335 | D:9      | Reached skill level 11 in Maces & Flails
  7579 | D:9      | Noticed a cyclops
  7584 | D:9      | Killed a cyclops
  8248 | D:10     | Entered Level 10 of the Dungeon
  8248 | D:10     | Noticed Erica
  8257 | D:10     | Killed Erica
  8258 | D:10     | Reached XP level 11. HP: 67/98 MP: 10/10
  8471 | D:10     | Found a staircase to the Orcish Mines.
  8608 | D:10     | Identified the +3 dagger of Makhleb's Castigation {protect,
                  | rF+ Str+4 SInv}
  8694 | Orc:1    | Entered Level 1 of the Orcish Mines
  8717 | Orc:1    | Noticed an orc sorcerer
  8731 | Orc:1    | Killed an orc sorcerer
  9204 | Orc:2    | Entered Level 2 of the Orcish Mines
  9207 | Orc:2    | Reached skill level 12 in Maces & Flails
  9325 | Orc:2    | Found a gate leading to a gauntlet.
  9344 | Orc:2    | Found a staircase to the Elven Halls.
  9346 | Orc:2    | Noticed Rupert
  9392 | Orc:2    | HP: 3/99 [Rupert (16)]
  9392 | Orc:2    | Slain by Rupert

Illustrated notes

Levels and vault maps discovered:
D:1:      dpeg_arrival_court, layout_basic,
          dreamdust_ecumenical_altar_angels_and_demons
D:2:      layout_basic, minmay_misc_feat_ornament
D:3:      layout_loops_ring, minmay_misc_feat_plants, minmay_misc_feat_x,
          kennysheep_generic_room_4
D:4:      layout_cave_pools, minmay_temple_entry_nine_rooms,
          hangedman_decor_lopped, chequers_serial_rivers_small_3
D:5:      layout_basic, serial_shops, nicolae_shop_waterfront,
          kennysheep_little_box, nicolae_stop_n_shop_2, nicolae_shop_stone,
          nicolae_shop_trees, serial_curves, eino_curves_01, eino_curves_03,
          uniq_grinder
D:6:      layout_rooms, kennysheep_generic_room_7
D:7:      layout_rooms, serial_bayou_pond_e
D:8:      layout_basic, grunt_temple_overflow_cloverleaf,
          erik_lair_orcish_takeover, uniq_harold
D:9:      old_forge, layout_long_grid, serial_bayou_lake_a, uniq_prince_ribbit1
D:10:     layout_roguey, erik_orc_3, uniq_erica
Temple:   mainiacjoe_temple_coin_purse
Orc:1:    layout_caves, elves_outpost_lemuel
Orc:2:    pf_orc_diabolical, layout_caves, gauntlet_entry_generic, uniq_rupert,
          uniq_erolcha, uniq_urug

Skill      XL: |  1  2  3  4  5  6  7  8  9 10 11 |
---------------+----------------------------------+-----
Maces & Flails | 3 4 5 6 8 10 11 12 | 12.2
Dodging        | 3 4 5 6 7 |  7.2
Fighting       | 3 4 5 6 7 |  7.6
Stealth        | 2 3 |  3.0

Action                   |  1- 3 |  4- 6 |  7- 9 | 10-12 || total
-------------------------+-------+-------+-------+-------++-------
Melee: Mace              |   132 |    87 |       |       ||   219
       Punch             |     1 |     1 |       |       ||     2
       Giant club        |       |    57 |     1 |       ||    58
       Giant spiked club |       |       |   175 |   203 ||   378
Throw: Stone             |       |       |     1 |       ||     1
       Large rock        |       |       |       |     3 ||     3
Invok: Ancestor Life: Ba |       |     1 |       |       ||     1
  Use: Scroll            |       |       |     9 |     7 ||    16
       Potion            |       |       |       |     7 ||     7
 Stab: Sleeping          |     3 |       |     1 |     1 ||     5
       Distracted        |       |       |     3 |     3 ||     6
Armor: Robe              |    77 |    61 |    54 |       ||   192
       Steam dragon scal |       |       |    13 |    84 ||    97
Dodge: Dodged            |   115 |   135 |   231 |   239 ||   720

Table legend: (Time is in decaauts)
 A = Elapsed time spent in this place.
 B = Non-inter-level travel time spent in this place.
 C = Inter-level travel time spent in this place.
 D = Time resting spent in this place.
 E = Time spent auto-exploring this place.
 F = Levels seen in this place.
 G = Mean time per level.
                   A        B        C        D        E       F      G
               +--------+--------+--------+--------+--------+-----+--------+
         Total |   9629 |   9529 |    100 |   1159 |   2934 |  13 |  740.7 |
       Dungeon |   9029 |   8948 |     81 |   1078 |   2770 |  10 |  902.9 |
        Temple |    141 |    122 |     19 |      0 |     86 |   1 |  141.0 |
  Orcish Mines |    458 |    458 |      0 |     81 |     78 |   2 |  229.0 |
               +--------+--------+--------+--------+--------+-----+--------+

Top non-repeatable levels by time:
     D:9: 1504 daAuts
     D:8: 1253 daAuts
     D:3: 1045 daAuts
     D:2: 970 daAuts
     D:4: 879 daAuts
     D:5: 738 daAuts
    D:10: 707 daAuts
     D:7: 691 daAuts
     D:1: 671 daAuts
     D:6: 568 daAuts
   Orc:1: 338 daAuts
  Temple: 141 daAuts
   Orc:2: 119 daAuts
